[Event "Mitropa Cup Open 2024"]
[Site "Apolda"]
[Date "2024.02.19"]
[Round "5.10"]
[White "Bogner, Sebastian"]
[Black "Kraus, Tomas"]
[Result "1-0"]
[ECO "D02"]
[WhiteElo "2538"]
[BlackElo "2484"]
[Annotator "TA"]
[PlyCount "80"]
[EventDate "2024.02.15"]
[EventType "team-tourn"]
[EventCountry "GER"]
[SourceTitle "playchess.com"]
[Source "ChessBase"]
[SourceQuality "1"]
[WhiteTeam "Switzerland"]
[BlackTeam "Czech Republic"]
[WhiteTeamCountry "SUI"]
[BlackTeamCountry "CZE"]
[TimeControl "40/5400+30:1800+30"]

1. Nf3 d5 2. g3 Nd7 3. d4 Nb6 4. Nc3 Nf6 5. Bg2 Bf5 6. Nh4 e6 7. Nxf5 exf5 8. O-O {[%emt 0:02:53] White is slightly better.} Be7 9. Qd3 g6 10. a4 {[%emt 0:13:06] And now a5 would win.} a5 11. f3 O-O 12. e4 fxe4 13. fxe4 dxe4 14. Nxe4 Nxe4 15. Bxe4 Bf6 16. c3 c6 17. h4 Bg7 {[%emt 0:05:46] [#]} 18. h5 $1 Qd7 19. Kg2 (19. Qf3 {with more complications.} Rae8 20. Bc2 Re6 21. Bg5) 19... Rae8 20. Bf3 (20. h6 $5 Bh8 $8 21. Bf3 $14) 20... Qe6 21. Rf2 Qb3 22. Bd1 Qd5+ 23. Bf3 Qb3 24. Qc2 Qe6 25. Re2 Qd7 26. Be3 Nd5 27. Bf2 Rxe2 28. Qxe2 Re8 29. Qd2 Qf5 30. hxg6 Qxg6 31. Rh1 Nf6 32. Re1 Ne4 $2 {[%emt 0:01:34] [#] This costs Black the game.} (32... Rxe1 $11 33. Qxe1 (33. Bxe1 Nd5 $11) 33... Bf8) 33. Qc2 $18 f5 34. Qb3+ Kh8 35. Qxb7 Rf8 36. Qe7 Nxf2 (36... Ng5 $16 {was worth a try.}) 37. Re6 {[%emt 0:00:51] Active counter play!} Qf7 (37... Rf6 $142 38. Rxf6 Qxf6 39. Qxf6 Bxf6) 38. Qxf7 Rxf7 39. Kxf2 f4 40. g4 ({But not} 40. Bxc6 fxg3+ 41. Kxg3 Rf6 42. Re8+ Rf8 $18) 40... h5 {[%emt 0:00:36] Weighted Error Value: White=0.08 (flawless) /Black=0.19 (very precise) .  Loses game:     	---       	Black=1      Mistake:       	---       	Black=2      Inaccurate:     	---       	Black=3      OK:         	White=13    	Black=14     Best:        	White=2     	Black=1} 1-0

[Event "Mitropa Cup Open 2024"]
[Site "Apolda"]
[Date "2024.02.19"]
[Round "5.11"]
[White "Stalmach, Richard"]
[Black "Fecker, Noah"]
[Result "1/2-1/2"]
[ECO "D37"]
[WhiteElo "2433"]
[BlackElo "2397"]
[Annotator "TA"]
[PlyCount "61"]
[EventDate "2024.02.15"]
[EventType "team-tourn"]
[EventCountry "GER"]
[SourceTitle "playchess.com"]
[Source "ChessBase"]
[SourceQuality "1"]
[WhiteTeam "Czech Republic"]
[BlackTeam "Switzerland"]
[WhiteTeamCountry "CZE"]
[BlackTeamCountry "SUI"]
[TimeControl "40/5400+30:1800+30"]

1. d4 d5 2. c4 e6 3. Nf3 Nf6 4. Nc3 a6 5. cxd5 exd5 6. Qb3 c5 7. Bg5 Nc6 8. Bxf6 {[%emt 0:10:14] White is slightly better.} gxf6 9. Qxd5 Qb6 $1 10. Qb3 Qxb3 11. axb3 Nxd4 12. Nxd4 cxd4 13. Nd5 {[%emt 0:00:07] Prevents Bb4+} Be6 14. e4 Bxd5 15. exd5 {[%emt 0:00:05] The position is equal.} Bb4+ 16. Kd1 Rd8 17. Bc4 {[%emt 0:00:03] [#]} d3 $1 18. Bxd3 Rxd5 19. Ke2 O-O 20. Rhd1 {[%emt 0:00:46][%cal Od3h7] Bxh7+! would now be deadly.} Re8+ 21. Kf1 {[%emt 0:08:09][%cal Od3h7] [#] aiming for Bxh7+!} Red8 22. Ke2 Re8+ 23. Kf1 {[%emt 0:00:11][%cal Od3h7] Black must now prevent Bxh7+!} Red8 24. Ke2 Kg7 25. Rac1 Re8+ 26. Kf3 Red8 27. Ke2 Re8+ 28. Kf3 Red8 29. Ke2 Re5+ 30. Kf3 Red5 31. Ke4 {[%emt 0:00:30] Weighted Error Value: White=0.08 (flawless) /Black=0.08 (flawless) .  Mistake:       	White=1     	---        Inaccurate:     	White=1     	Black=1      OK:         	White=13    	Black=10     Strong:       	---       	Black=1} (31. Ke2 $11) 1/2-1/2

[Event "Mitropa Cup Open 2024"]
[Site "Apolda"]
[Date "2024.02.19"]
[Round "5.12"]
[White "Gallagher, Joseph G."]
[Black "Nemec, Jachym"]
[Result "1-0"]
[ECO "B30"]
[WhiteElo "2427"]
[BlackElo "2393"]
[Annotator "TA"]
[PlyCount "87"]
[EventDate "2024.02.15"]
[EventType "team-tourn"]
[EventCountry "GER"]
[SourceTitle "playchess.com"]
[Source "ChessBase"]
[SourceQuality "1"]
[WhiteTeam "Switzerland"]
[BlackTeam "Czech Republic"]
[WhiteTeamCountry "SUI"]
[BlackTeamCountry "CZE"]
[TimeControl "40/5400+30:1800+30"]

1. e4 c5 2. Nf3 Nc6 3. Bb5 e6 4. O-O Nge7 5. Nc3 a6 6. Bxc6 Nxc6 7. d4 cxd4 8. Nxd4 Qc7 9. Nxc6 dxc6 10. a4 a5 11. f4 Bc5+ {[%emt 0:06:21] Black has an edge.} 12. Kh1 b6 13. Qg4 f6 14. Qh5+ Qf7 15. Qf3 Ba6 16. Rd1 O-O 17. Be3 Qe7 18. Bxc5 bxc5 19. Rd2 Rad8 20. Rad1 Rxd2 21. Rxd2 e5 22. h3 Rb8 23. Nd1 exf4 24. Qxf4 Re8 (24... Rb4 $11) 25. Nc3 c4 (25... Bb7 $11 {keeps the balance.}) 26. Qd6 (26. Qf5 $16) 26... Bb7 $14 27. Qd4 Kh8 28. Qxc4 f5 29. e5 (29. exf5 $2 {too greedy.} Qe1+ 30. Kh2 Qxd2 $19) ({Better is} 29. Rf2 $18) 29... Qxe5 30. Re2 Qb8 {[%emt 0:00:05] [#]} 31. Qf4 $3 $40 {[%emt 0:02:19][%mdl 640] White has strong attack. White is more active.} c5 (31... Qa8 32. Rxe8+) 32. Qxb8 $1 ({Don't take} 32. Qxf5 h6 $16) 32... Rxb8 $16 {[%emt 0:00:02][%cal Be8b8,Bb8d8,Bd8d2][%mdl 4128] Endgame. KRB-KRN} 33. Re5 Rd8 {[%emt 0:01:41] [#]} 34. Re7 $1 ({Don't play} 34. Rxc5 $6 Rd2 $11) (34. Rxf5 Kg8 $14) 34... Bc6 (34... Rb8 $16 35. Kg1 g6) 35. Rc7 $18 Be4 36. Rxc5 h6 (36... Bxc2 $142 37. Rxa5 Kg8) 37. Rxa5 Rd2 (37... Bxc2 {keeps fighting.} 38. b4 h5) 38. Nxe4 fxe4 {[%emt 0:00:01] KR-KR} 39. Kg1 e3 {[%emt 0:01:19] ...Rd1+ would now be deadly.} 40. Re5 Rxc2 41. Rxe3 Rxb2 {[%emt 0:30:27] [#]} 42. Ra3 {[%emt 0:00:05] Prevents Ra2. And now a5 would win.} Rb6 $2 (42... Rb7 43. a5 Kg8) 43. a5 Ra6 44. Kf2 {[%emt 0:00:04] Weighted Error Value: White=0.09 (flawless) /Black=0.33.  Mistake:       	White=2     	Black=7      Inaccurate:     	White=1     	Black=1      OK:         	White=14    	Black=12     Best:        	White=4     	Black=2      Strong:       	White=2     	---} 1-0

[Event "Mitropa Cup Open 2024"]
[Site "Apolda"]
[Date "2024.02.19"]
[Round "5.13"]
[White "Moroni, Luca Jr"]
[Black "Baidetskyi, Valentin"]
[Result "1/2-1/2"]
[ECO "E70"]
[WhiteElo "2601"]
[BlackElo "2499"]
[Annotator "TA"]
[PlyCount "60"]
[EventDate "2024.02.15"]
[EventType "team-tourn"]
[EventCountry "GER"]
[SourceTitle "playchess.com"]
[Source "ChessBase"]
[SourceQuality "1"]
[WhiteTeam "Italy"]
[BlackTeam "Austria"]
[WhiteTeamCountry "ITA"]
[BlackTeamCountry "AUT"]
[TimeControl "40/5400+30:1800+30"]

1. d4 Nf6 2. c4 g6 3. Nc3 Bg7 4. e4 d6 5. Bd3 O-O 6. Nge2 Nc6 7. O-O e5 8. d5 Nd4 9. Nxd4 exd4 10. Ne2 Re8 11. f3 Nd7 12. Bc2 Ne5 13. Nxd4 Nxc4 14. Bb3 Na5 15. Be3 Bd7 16. Rc1 c5 17. dxc6 bxc6 18. Ba4 $1 d5 19. Bf2 dxe4 20. fxe4 Rxe4 {[%emt 0:03:24] [#] Hoping for ...Bxd4.} 21. Bc2 Bg4 22. Nf3 {[%emt 0:01:43] The position is equal.} Re8 {[%emt 0:07:21] Strongly threatening ...Qc7.} 23. b4 {[%emt 0:04:31] Black must now prevent Qxd8.} Nc4 {[%emt 0:03:41] aiming for ...Bxf3.} 24. Bb3 Qxd1 25. Rfxd1 Ne5 26. Nxe5 Bxe5 27. Re1 Bd7 28. Red1 Bg4 29. Re1 Bd7 30. Red1 Bg4 {Not much happened in this game.   Weighted Error Value: White=0.05 (flawless) /Black=0.05 (flawless) .  Inaccurate:     	White=2     	---        OK:         	White=9     	Black=10     Best:        	White=4     	---        Strong:       	White=1     	---} 1/2-1/2

[Event "Mitropa Cup Open 2024"]
[Site "Apolda"]
[Date "2024.02.19"]
[Round "5.14"]
[White "Peyrer, Konstantin"]
[Black "Brunello, Sabino"]
[Result "1/2-1/2"]
[ECO "D85"]
[WhiteElo "2439"]
[BlackElo "2512"]
[Annotator "TA"]
[PlyCount "80"]
[EventDate "2024.02.15"]
[EventType "team-tourn"]
[EventCountry "GER"]
[SourceTitle "playchess.com"]
[Source "ChessBase"]
[SourceQuality "1"]
[WhiteTeam "Austria"]
[BlackTeam "Italy"]
[WhiteTeamCountry "AUT"]
[BlackTeamCountry "ITA"]
[TimeControl "40/5400+30:1800+30"]

1. d4 Nf6 2. c4 g6 3. Nc3 d5 4. cxd5 Nxd5 5. e4 Nxc3 6. bxc3 Bg7 7. Nf3 c5 8. Bb5+ Nc6 9. O-O O-O 10. Bxc6 bxc6 11. Qc2 cxd4 12. cxd4 Bg4 13. Ne5 {[%emt 0:00:13] The position is equal.} Qxd4 14. Bb2 Qb6 15. Rab1 Bxe5 16. Bxe5 Qa6 {[%emt 0:00:26] [#] ...Be2 is the strong threat.} 17. Ba1 f6 18. Qb3+ Rf7 19. f3 Bd7 20. Rfd1 Qc8 21. Qb7 e5 (21... Qxb7 22. Rxb7 Bc8 23. Rc7 $16) 22. Rd6 Qxb7 23. Rxb7 Be8 24. Rxf7 Kxf7 $11 {[%emt 0:00:24][%mdl 4096] Endgame. KRB-KRB} 25. f4 Rb8 (25... exf4 $11 26. Rxf6+ (26. Bxf6 Rb8 $11) 26... Kg8) 26. Bc3 (26. fxe5 $2 Rb1+ 27. Kf2 Rxa1 $19) (26. Rxf6+ $1 $14 {is the one way to stay ahead.} Ke7 (26... Kxf6 27. Bxe5+ Ke7 28. Bxb8 $16) 27. Bxe5) 26... Rb1+ $17 (26... exf4 27. Rxf6+ Kg8 28. Rxf4 $11) 27. Kf2 Rc1 28. Bd2 Rc2 29. fxe5 fxe5 ({Much weaker is} 29... Rxa2 $6 30. exf6 (30. Rxf6+ Ke7 $16) 30... c5 31. e5 $14) 30. Kf3 {[%emt 0:11:12] [#]} Ke7 $1 31. Rd3 c5 32. Rd5 {[%emt 0:02:07] Black is slightly better.} Bc6 (32... Rxa2 33. Rxe5+ Kf6 34. Bc3 $11 (34. Rxe8 Rxd2 35. e5+ Kf7 $11)) 33. Rxe5+ Kf6 34. Bf4 Rc3+ 35. Kf2 Ra3 36. Rxc5 Bxe4 37. g3 h5 38. Bd2 Rxa2 39. Ke3 {[%emt 0:00:05] Strongly threatening Bc3+.} Bf5 40. Ra5 Rxa5 {[%emt 0:04:05] Weighted Error Value: White=0.09 (flawless) /Black=0.04 (flawless) .  Mistake:       	White=1     	Black=1      Inaccurate:     	---       	Black=1      OK:         	White=14    	Black=19     Best:        	White=3     	Black=1      Strong:       	---       	Black=1} 1/2-1/2

[Event "Mitropa Cup Open 2024"]
[Site "Apolda"]
[Date "2024.02.19"]
[Round "5.15"]
[White "David, Alberto"]
[Black "Morgunov, Marc"]
[Result "1/2-1/2"]
[ECO "E73"]
[WhiteElo "2525"]
[BlackElo "2368"]
[Annotator "TA"]
[PlyCount "57"]
[EventDate "2024.02.15"]
[EventType "team-tourn"]
[EventCountry "GER"]
[SourceTitle "playchess.com"]
[Source "ChessBase"]
[SourceQuality "1"]
[WhiteTeam "Italy"]
[BlackTeam "Austria"]
[WhiteTeamCountry "ITA"]
[BlackTeamCountry "AUT"]
[TimeControl "40/5400+30:1800+30"]

1. d4 Nf6 2. c4 g6 3. Nc3 Bg7 4. e4 d6 5. Be2 O-O 6. Be3 e5 7. d5 Na6 8. g4 Nc5 9. f3 h5 10. g5 {[%emt 0:00:17] White is slightly better.} Nh7 11. h4 f6 12. Qd2 fxg5 $1 13. hxg5 Rf4 14. b4 Na6 {[%emt 0:00:17] The position is equal.} 15. Rb1 Nxg5 16. c5 dxc5 $1 17. bxc5 b6 $1 18. d6 {[%emt 0:02:12] [#] aiming for Nd5.} Nxc5 $1 {[%emt 0:00:28][%cal Oc7c6] White must now prevent ...c6!} 19. Bxc5 bxc5 20. Qd5+ Be6 21. dxc7 Qf8 (21... Bxd5 $2 {perishes.} 22. cxd8=B (22. cxd8=Q+ Rxd8 23. Nxd5 Rf7 $18) 22... Rxd8 23. Nxd5 $18) 22. Qxa8 Qxa8 ({Avoid the trap} 22... Nxf3+ $2 23. Nxf3 Qxa8 24. Rb8+ Rf8 25. Rxa8 Rxa8 26. Ng5 $18) 23. Rb8+ Rf8 24. Rxa8 Rxa8 25. Ba6 {[%emt 0:06:37] Repels Rc8} Bc8 $1 26. Bc4+ Be6 27. Ba6 Bc8 $1 28. Bc4+ Be6 29. Ba6 {[%emt 0:39:22] Weighted Error Value: White=0.06 (flawless) /Black=0.01 (flawless) .  Inaccurate:     	White=2     	---        OK:         	White=14    	Black=6      Best:        	White=1     	Black=4      Strong:       	---       	Black=6} 1/2-1/2

[Event "Mitropa Cup Open 2024"]
[Site "Apolda"]
[Date "2024.02.19"]
[Round "5.16"]
[White "Dotzer, Lukas"]
[Black "Perossa, Nicolas"]
[Result "0-1"]
[ECO "C65"]
[WhiteElo "2335"]
[BlackElo "2277"]
[Annotator "RC"]
[PlyCount "144"]
[EventDate "2024.02.15"]
[EventType "team-tourn"]
[EventCountry "GER"]
[SourceTitle "playchess.com"]
[Source "ChessBase"]
[SourceQuality "1"]
[WhiteTeam "Austria"]
[BlackTeam "Italy"]
[WhiteTeamCountry "AUT"]
[BlackTeamCountry "ITA"]
[TimeControl "40/5400+30:1800+30"]

1. e4 e5 2. Nf3 Nc6 3. Bb5 Bc5 4. c3 Nf6 5. O-O O-O 6. d4 Bb6 7. dxe5 Nxe4 8. Qd5 Nc5 9. Be3 Qe7 10. Nbd2 Qe6 11. Qxe6 Nxe6 12. Nc4 Bc5 13. Bxc5 Nxc5 14. b4 Ne6 15. Rad1 a6 16. Bxc6 dxc6 17. Na5 c5 18. Nb3 cxb4 19. cxb4 b6 20. Rc1 Bb7 21. Nfd4 Nf4 22. f3 Rac8 23. Rfd1 Rfe8 24. g3 Nd5 25. f4 Nxb4 26. a3 Nd5 27. Nc6 Bxc6 28. Rxc6 Rcd8 29. Rc2 Rd7 30. Rcd2 Red8 31. f5 Kf8 32. Nd4 Ne3 33. e6 fxe6 34. fxe6 Rd6 35. Nc6 Re8 36. Rxd6 cxd6 37. Rxd6 Nf5 38. Rd5 g6 39. g4 Rxe6 40. Rd8+ Kg7 41. Nb4 Ne3 42. g5 a5 43. Nd3 Nc4 44. Rd7+ Kf8 45. Rxh7 Nxa3 46. Nf4 Rd6 47. h4 Nc4 48. Ra7 Ne5 49. Kg2 Nc6 50. Rb7 Ne7 51. Ra7 Rc6 52. Kf3 Rc3+ 53. Kg4 Rc4 54. Kf3 Ke8 55. h5 gxh5 56. g6 Rc3+ 57. Kf2 h4 58. Rxe7+ Kxe7 59. Nd5+ Kf8 60. Nxc3 Kg7 61. Kf3 Kxg6 62. Kg4 h3 63. Kxh3 Kf5 64. Kg3 Ke5 65. Na4 b5 66. Nc3 b4 67. Kf3 Kd4 68. Na4 Kd3 69. Nc5+ Kc2 70. Nb7 a4 71. Nc5 a3 72. Na6 Kc3 0-1

[Event "Mitropa Cup Open 2024"]
[Site "Apolda"]
[Date "2024.02.19"]
[Round "5.17"]
[White "Bluebaum, Matthias"]
[Black "Plenca, Jadranko"]
[Result "1/2-1/2"]
[ECO "D35"]
[WhiteElo "2655"]
[BlackElo "2429"]
[Annotator "TA"]
[PlyCount "70"]
[EventDate "2024.02.15"]
[EventType "team-tourn"]
[EventCountry "GER"]
[SourceTitle "playchess.com"]
[Source "ChessBase"]
[SourceQuality "1"]
[WhiteTeam "Germany"]
[BlackTeam "Croatia"]
[WhiteTeamCountry "GER"]
[BlackTeamCountry "CRO"]
[TimeControl "40/5400+30:1800+30"]

1. c4 e6 2. Nc3 d5 3. d4 Nf6 4. cxd5 exd5 5. Bg5 c6 6. e3 h6 7. Bh4 Be7 8. Bd3 O-O 9. Bg3 Ne8 10. Nf3 Nd6 11. Qc2 {[%emt 0:01:07] White has an edge.} Re8 12. h3 Bf8 13. O-O Be6 14. Rad1 Nd7 15. Ne5 Rc8 16. Kh1 b5 17. b3 Qa5 18. Rc1 Nf6 19. f3 c5 20. dxc5 Rxc5 21. Qb2 $1 {[%emt 0:02:32] Black must now prevent b4.} Rcc8 22. a4 bxa4 23. Nxa4 Nf5 24. Bf2 Qd8 25. e4 dxe4 26. fxe4 Nd6 $36 {[%emt 0:02:28][%mdl 2048] ...Rxc1 would now be deadly. Black has some pressure.} 27. Nc6 {[%emt 0:02:20] [#]} (27. Nc5 $11) 27... Rxc6 $1 $17 28. Rxc6 Ndxe4 29. Bc4 Bxc4 30. Rxc4 Qd3 31. Rcc1 Bd6 {[%emt 0:01:42][%mdl 1024] And now ...Ng3+ would win. Black has strong compensation.} 32. Rcd1 {[%emt 0:03:12] [#]} Ng3+ {[%emt 0:00:38] Excellent horsemanship.} (32... Qb5 $1 $17 {next ...Nh5 is good for Black.} 33. Kg1 Qg5 34. Bxa7 Qg3 35. Rxd6 Qxd6 (35... Nxd6 36. Bf2 $11)) 33. Kg1 $11 {[%emt 0:00:05] The position is equal.} Ne2+ 34. Kh1 Ng3+ (34... Qb5 $5 35. Nc3 $8 (35. Rxd6 $2 {loses.} Ng3+ 36. Kh2 Nxf1+ 37. Kg1 Ne3 $19) 35... Nxc3 (35... Qe5 $2 36. Rxd6 Nxc3 37. Rd3 $18) 36. Qxc3 Ne4 $11) 35. Kg1 Ne2+ {[%emt 0:00:07] Weighted Error Value: White=0.13 (very precise) /Black=0.09 (flawless) .  Mistake:       	White=1     	Black=1      Inaccurate:     	White=1     	Black=1      OK:         	White=7     	Black=11     Best:        	White=4     	Black=1      Strong:       	White=1     	---        Brilliant:      	---       	Black=1} 1/2-1/2

[Event "Mitropa Cup Open 2024"]
[Site "Apolda"]
[Date "2024.02.19"]
[Round "5.18"]
[White "Ivekovic, Bozidar"]
[Black "Svane, Rasmus"]
[Result "1-0"]
[ECO "B90"]
[WhiteElo "2399"]
[BlackElo "2637"]
[Annotator "TA"]
[PlyCount "81"]
[EventDate "2024.02.15"]
[EventType "team-tourn"]
[EventCountry "GER"]
[SourceTitle "playchess.com"]
[Source "ChessBase"]
[SourceQuality "1"]
[WhiteTeam "Croatia"]
[BlackTeam "Germany"]
[WhiteTeamCountry "CRO"]
[BlackTeamCountry "GER"]
[TimeControl "40/5400+30:1800+30"]

1. e4 c5 2. Nf3 d6 3. d4 cxd4 4. Nxd4 Nf6 5. Nc3 a6 6. Be3 e5 7. Nb3 Be6 8. f3 h5 9. a4 Nc6 10. Nd5 {[%emt 0:11:49] Against Nb4} Bxd5 11. exd5 {[%emt 0:00:09] The position is equal.} Ne7 12. c4 g6 13. Be2 (13. Bd3 $14) 13... Bg7 14. a5 e4 (14... Nf5 $11 15. Bb6 Qd7) 15. fxe4 Nxe4 {[%emt 0:00:24][%cal Oe7f5] And now ...Nf5! would win.} 16. Bb6 Qd7 17. Bd4 ({White should play} 17. O-O $16) 17... Nf6 18. Bd3 $1 {[%emt 0:07:55] Hoping for 0-0. A strong pair of Bishops.} O-O 19. O-O Ng4 20. Bxg7 $1 Kxg7 21. Qd2 {[%emt 0:01:39] Dodges Ne3} Ng8 22. Nd4 Rae8 23. Rf4 Qe7 24. h3 N4f6 25. Raf1 {[%emt 0:06:11] White is much more active.} (25. Bxg6 $16 Kxg6 (25... fxg6 26. Ne6+ Kh8 27. Raf1 $16) 26. Nf5) 25... Qe3+ $14 26. Qxe3 Rxe3 27. Bc2 Rfe8 28. Kh2 R8e7 29. b4 Rc3 30. Bb1 Rce3 (30... Rxc4 $2 {perishes.} 31. Nf5+ gxf5 32. Rxc4 $18) 31. R1f2 Re1 32. Ba2 Rc1 33. c5 dxc5 (33... Ree1 $1 $11 {keeps the balance.} 34. cxd6 Rh1+ 35. Kg3 g5 36. Nf5+ Kg6 37. Ne7+ Kg7 38. Nf5+ Kg6 39. Ne7+ Kg7 40. Nf5+) 34. Nb3 $1 $36 {[%emt 0:03:47][%csl LRc1,LRc5][%mdl 2048] Keeping Black busy.} Rd1 35. Nxc5 {[%emt 0:00:04] Threatens to win with Bb3.} g5 36. Rf5 g4 {[%emt 0:00:05] [#]} 37. Bb3 $1 Rd4 {[%emt 0:00:49] [#]} (37... Rc1 $16 {was called for.}) 38. R5f4 $1 $18 Ne4 $2 (38... Rxf4 39. Rxf4 Re1) 39. Nxe4 {[%emt 0:01:43] White is clearly winning.} Rdxe4 40. d6 Re3 41. hxg4 {[%emt 0:32:38] Weighted Error Value: White=0.11 (very precise) /Black=0.33.  Mistake:       	White=3     	Black=4      Inaccurate:     	White=3     	Black=7      OK:         	White=8     	Black=6      Best:        	White=6     	Black=1      Strong:       	White=5     	---} 1-0

[Event "Mitropa Cup Open 2024"]
[Site "Apolda"]
[Date "2024.02.19"]
[Round "5.19"]
[White "Donchenko, Alexander"]
[Black "Tomulic, Teo"]
[Result "1-0"]
[ECO "C42"]
[WhiteElo "2643"]
[BlackElo "2386"]
[Annotator "TA"]
[PlyCount "119"]
[EventDate "2024.02.15"]
[EventType "team-tourn"]
[EventCountry "GER"]
[SourceTitle "playchess.com"]
[Source "ChessBase"]
[SourceQuality "1"]
[WhiteTeam "Germany"]
[BlackTeam "Croatia"]
[WhiteTeamCountry "GER"]
[BlackTeamCountry "CRO"]
[TimeControl "40/5400+30:1800+30"]

1. e4 e5 2. Nf3 Nf6 3. Nxe5 d6 4. Nf3 Nxe4 5. Nc3 Nxc3 6. dxc3 Nc6 7. Be3 {[%emt 0:02:14] C42: Petroff Defence: 3 Nxe5 and unusual White 3rd moves.} Be7 8. Bd3 Be6 9. Qe2 Bf6 10. O-O-O Qe7 11. Kb1 a6 12. h3 h6 $146 ({Predecessor:} 12... O-O-O 13. Rhe1 h5 14. Nd2 Ne5 15. Bxa6 bxa6 16. f4 Nc6 17. Qxa6+ Kd7 18. f5 Bxf5 {0-1 Nijboer,F (2510)-Kashlinskaya,A (2459) Amsterdam Batavia Grolsch 10th 2018 (1)}) 13. Rhe1 O-O-O 14. Nd2 Bg5 15. f4 Bh4 16. Bf2 Bxf2 17. Qxf2 Qf8 18. Qf1 Kb8 19. Nf3 Bc8 20. Be4 Ne7 21. Nd4 Ng8 22. c4 Nf6 23. Bf3 Re8 24. Rd3 Nd7 25. Rde3 Rxe3 26. Rxe3 Qd8 27. Qe1 Qf6 28. Ne2 Nc5 29. Qc3 Qxc3 30. Nxc3 Ne6 31. Ne2 Bd7 32. Kc1 Re8 33. Kd2 Nc5 34. Bd5 Rxe3 35. Kxe3 Be8 36. g4 c6 37. Bf3 Kc7 38. h4 Kd8 39. Ng3 g6 40. b4 Nd7 41. Ne4 Ke7 42. c5 dxc5 43. bxc5 (43. Nxc5 Nxc5 44. bxc5 Bd7 $15) 43... b6 (43... f6 $1 $14) 44. cxb6 $16 Nxb6 45. Nc5 Kd6 (45... a5 $16) 46. Kd4 $18 (46. Nxa6 c5 $11) 46... f6 (46... Nd7 $142 47. Ne4+ (47. Nxa6 c5+ 48. Kc3 Nb6 $17) 47... Kc7) 47. c4 $1 $18 (47. Nxa6 Na4 $15) 47... Nd7 48. Ne4+ (48. Nxa6 $2 {is the wrong capture.} c5+ 49. Kd3 g5 50. hxg5 fxg5 $19) (48. Nxd7 $1 $18 Bxd7 49. c5+ Ke7 50. Kc3) 48... Kc7 {[%emt 0:00:00] [#]} (48... Ke7 $16 {was worth a try.}) 49. g5 $1 $18 hxg5 50. hxg5 (50. fxg5 $18 fxg5 51. Nxg5) 50... fxg5 $16 51. fxg5 (51. Nxg5 $16 a5 52. Be2) 51... Bf7 {[%emt 0:01:17] [#]} (51... Nf8 $11 {remains equal.}) 52. Nc5 $1 $16 Nxc5 $4 (52... Nf8 $16) 53. Kxc5 $18 Be6 54. Be4 (54. Bxc6 Bxc4 55. a3 Bd3 $11) 54... Bf7 55. a3 ({Weaker is} 55. Bxc6 Bxc4 56. a3 Bd3 $14) 55... Be8 56. Bf3 Bd7 57. Be2 Bc8 58. Bd3 Be6 59. Bxg6 Bg8 60. Be8 1-0

[Event "Mitropa Cup Open 2024"]
[Site "Apolda"]
[Date "2024.02.19"]
[Round "5.20"]
[White "Novosel, Lovro"]
[Black "Svane, Frederik"]
[Result "0-1"]
[ECO "E15"]
[WhiteElo "2373"]
[BlackElo "2625"]
[Annotator "TA"]
[PlyCount "92"]
[EventDate "2024.02.15"]
[EventType "team-tourn"]
[EventCountry "GER"]
[SourceTitle "playchess.com"]
[Source "ChessBase"]
[SourceQuality "1"]
[WhiteTeam "Croatia"]
[BlackTeam "Germany"]
[WhiteTeamCountry "CRO"]
[BlackTeamCountry "GER"]
[TimeControl "40/5400+30:1800+30"]

1. d4 Nf6 2. c4 e6 3. g3 Bb4+ 4. Bd2 Be7 5. Bg2 d5 6. Nf3 Nbd7 7. O-O c6 8. Qc2 b6 9. b3 O-O 10. Rd1 Ba6 11. a4 Ne4 12. Be1 Rc8 13. e3 f5 {[%emt 0:11:49] White has an edge.} 14. Nc3 g5 15. Qb2 Qe8 16. cxd5 cxd5 17. Nb5 Bxb5 18. axb5 g4 19. Ne5 Nxe5 20. dxe5 Qxb5 21. Rxa7 Rf7 22. h3 h5 23. Rda1 Qc6 24. b4 gxh3 25. Bxh3 h4 26. gxh4 Rg7+ 27. Kh2 Bxh4 {[%emt 0:01:16] White must now prevent ...Rxa7.} 28. Rxg7+ Kxg7 29. Bg2 Qc2 30. Qxc2 Rxc2 31. f3 Bxe1 32. fxe4 $15 {[%emt 0:01:50][%mdl 4096] Endgame. KRB-KRB} Bc3 33. Ra7+ Kg6 34. exd5 Bxe5+ 35. Kg1 exd5 36. Rb7 d4 37. Rxb6+ Kg5 38. Re6 Bf6 39. exd4 Bxd4+ 40. Kh1 Kf4 41. Bc6 Rb2 (41... Kg3 $5 42. Rg6+ $8 Kf4 $11) 42. b5 Kg5 43. Re8 f4 44. Rg8+ Kh4 45. Rg2 $2 (45. Bd7 $11) 45... Rb1+ 46. Kh2 {[%emt 0:01:45] [#]} f3 $1 {[%emt 0:00:04][%mdl 512] Weighted Error Value: White=0.25 (precise) /Black=0.06 (flawless) .  Loses game:     	White=1     	---        Inaccurate:     	---       	Black=1      OK:         	White=17    	Black=13     Best:        	White=2     	Black=2} 0-1